[ AOE2 MATCH · #474154553 ]
UnrankedBohemians vs Gurjaras
Player's team · WIN
[ REPLAY ANALYSIS · EXTRACTED FROM THE RECORDED GAME ]
Feudal
—
Castle
—
Imperial
—
| APM avg | 19.6 |
| APM peak | 41 |
| eAPM avg | 10.7 |
| Villagers / military | 0 / 393 |
Focus
⚔️ 96.1% · 🌾 3.9%
Spearman ×181 · Hand Cannoneer ×115 · Militia ×67 · Skirmisher ×30
Feudal
—
Castle
—
Imperial
—
| APM avg | 14.9 |
| APM peak | 38 |
| eAPM avg | 9.5 |
| Villagers / military | 0 / 385 |
Focus
⚔️ 96.4% · 🌾 3.6%
Shrivamsha Rider ×206 · Camel Scout ×94 · Elephant Archer ×85
Feudal
—
Castle
—
Imperial
—
| APM avg | 34.9 |
| APM peak | 70 |
| eAPM avg | 18.4 |
| Villagers / military | 0 / 814 |
Focus
⚔️ 92.5% · 🌾 7.5%
Knight ×422 · Militia ×303 · Spearman ×89
Feudal
—
Castle
—
Imperial
—
| APM avg | 18.8 |
| APM peak | 44 |
| eAPM avg | 4.8 |
| Villagers / military | 0 / 129 |
Focus
⚔️ 97.6% · 🌾 2.4%
Knight ×104 · Archer ×25
Feudal
—
Castle
—
Imperial
—
| APM avg | 21.3 |
| APM peak | 63 |
| eAPM avg | 12.7 |
| Villagers / military | 0 / 0 |
Focus
⚔️ 100.0% · 🌾 0.0%
Feudal
—
Castle
—
Imperial
—
| APM avg | 17.4 |
| APM peak | 37 |
| eAPM avg | 4.7 |
| Villagers / military | 0 / 0 |
Focus
⚔️ 100.0% · 🌾 0.0%
Feudal
—
Castle
—
Imperial
—
| APM avg | 30.4 |
| APM peak | 64 |
| eAPM avg | 18.3 |
| Villagers / military | 0 / 904 |
Focus
⚔️ 73.5% · 🌾 26.5%
Archer ×904
Feudal
—
Castle
—
Imperial
—
| APM avg | 34.3 |
| APM peak | 59 |
| eAPM avg | 12.7 |
| Villagers / military | 0 / 704 |
Focus
⚔️ 92.9% · 🌾 7.1%
Knight ×702 · Scout Cavalry ×2
Match map
Initial resources + every placement click. Lines = walls · curves = elevation contours. ◆ gold · ⬟ stone · ● berries · ✦ relic · ◌ wall gap
Your base· ✓ Map-separated
SUP3R13EA5T's base· Open
Relyks6's base· Open
Mikelet's base· ✓ Map-separated
DSLG | R2D2's base· Open
Dracula's base· Open
Mr.smeagoul's base· Open
Ww. Choko_krispi's base· Open
Smoothed initial terrain · ◌ = detected wall gap · hover for details
Inputs per minute
— MozartMI7 - - SUP3R13EA5T
Build order — MozartMI7
138 actions detected in the replay
| 12:57 | Research | Wagenburg Tactics |
| 13:05 | Research | Treadmill Crane |
| 13:06 | Research | Ballistics |
| 13:07 | Research | Guard Tower (upgrade) |
| 13:10 | Research | Chemistry |
| 13:13 | Research | Chain Barding Armor |
| 13:14 | Research | Iron Casting |
| 13:14 | Research | Bodkin Arrow |
| 13:15 | Research | Leather Archer Armor |
| 13:16 | Research | Chain Mail Armor |
| 17:57 | Build | Barracks |
| 17:58 | Build | Barracks |
| 18:00 | Build | Barracks |
| 18:04 | Build | Barracks |
| 18:14 | Build | Archery Range |
| 18:16 | Build | Archery Range |
| 18:19 | Build | Archery Range |
| 18:23 | Build | Archery Range |
| 18:25 | Build | Archery Range |
| 18:31 | Build | Archery Range |
| 18:33 | Build | Archery Range |
| 19:15 | Research | Pikeman (upgrade) |
| 19:16 | Research | Squires |
| 19:17 | Research | Arson |
| 19:18 | Research | Long Swordsman (upgrade) |
| 21:20 | Build | Barracks |
| 21:24 | Build | Barracks |
| 21:24 | Build | Barracks |
| 21:27 | Build | Barracks |
| 21:29 | Build | Barracks |
| 21:31 | Build | Barracks |
| 21:34 | Build | Barracks |
| 21:58 | Research | Blast Furnace |
| 21:59 | Research | Plate Mail Armor |
| 22:00 | Research | Bracer |
| 22:01 | Research | Ring Archer Armor |
| 22:04 | Research | Bombard Tower (upgrade) |
| 22:04 | Research | Arrowslits |
| 22:05 | Research | Keep (upgrade) |
| 22:06 | Research | Siege Engineers |
| 22:12 | Research | Spies/Treason |
| 22:12 | Research | Hussite Reforms |
| 22:14 | Research | Elite Hussite Wagon (upgrade) |
| 22:15 | Research | Sappers |
| 22:16 | Research | Conscription |
| 22:23 | Research | Halberdier (upgrade) |
| 22:24 | Research | Two-Handed Swordsman (upgrade) |
| 23:08 | Research | Crossbowman (upgrade) |
| 23:08 | Research | Elite Skirmisher (upgrade) |
| 23:17 | Research | Champion (upgrade) |
| 23:19 | Create | Spearman ×5 |
| 23:19 | Create | Spearman ×5 |
| 23:19 | Create | Spearman ×5 |
| 23:20 | Create | Spearman ×5 |
| 23:20 | Create | Spearman ×5 |
| 23:20 | Create | Spearman ×5 |
| 23:21 | Create | Spearman ×5 |
| 23:21 | Create | Spearman ×5 |
| 23:21 | Create | Spearman ×5 |
| 23:24 | Create | Spearman ×5 |
| 23:24 | Create | Spearman ×5 |
| 23:24 | Create | Spearman ×5 |
| 23:24 | Create | Spearman ×5 |
| 23:24 | Create | Spearman ×5 |
| 23:24 | Create | Spearman ×5 |
| 23:24 | Create | Spearman ×5 |
| 23:24 | Create | Spearman ×5 |
| 23:24 | Create | Spearman ×5 |
| 23:25 | Create | Spearman ×5 |
| 23:55 | Research | Arbalester (upgrade) |
| 23:59 | Create | Hand Cannoneer ×5 |
| 23:59 | Create | Hand Cannoneer ×5 |
| 24:00 | Create | Hand Cannoneer ×5 |
| 24:00 | Create | Hand Cannoneer ×5 |
| 24:00 | Create | Hand Cannoneer ×5 |
| 24:01 | Create | Hand Cannoneer ×5 |
| 24:01 | Create | Hand Cannoneer ×5 |
| 24:01 | Create | Hand Cannoneer ×5 |
| 24:04 | Create | Hand Cannoneer ×5 |
| 24:04 | Create | Hand Cannoneer ×5 |
| 24:04 | Create | Hand Cannoneer ×5 |
| 24:04 | Create | Hand Cannoneer ×5 |
| 24:04 | Create | Hand Cannoneer ×5 |
| 24:04 | Create | Hand Cannoneer ×5 |
| 24:04 | Create | Hand Cannoneer ×5 |
| 24:04 | Create | Hand Cannoneer ×5 |
| 24:12 | Create | Spearman ×5 |
| 24:13 | Create | Spearman ×5 |
| 24:13 | Create | Spearman ×5 |
| 24:13 | Create | Spearman ×5 |
| 24:14 | Create | Spearman |
| 24:14 | Create | Spearman |
| 24:54 | Create | Hand Cannoneer ×5 |
| 24:55 | Create | Hand Cannoneer ×5 |
| 24:55 | Create | Hand Cannoneer ×5 |
| 24:55 | Create | Hand Cannoneer ×5 |
| 24:55 | Create | Hand Cannoneer ×5 |
| 24:56 | Create | Hand Cannoneer ×5 |
| 24:56 | Create | Hand Cannoneer ×5 |
| 25:09 | Create | Militia ×5 |
| 25:09 | Create | Militia ×5 |
| 25:09 | Create | Militia ×5 |
| 25:10 | Create | Militia ×5 |
| 25:10 | Create | Militia ×5 |
| 25:10 | Create | Militia ×5 |
| 25:10 | Create | Militia ×5 |
| 25:11 | Create | Militia ×5 |
| 25:11 | Create | Militia |
| 25:11 | Create | Militia |
| 26:29 | Create | Skirmisher ×5 |
| 26:30 | Create | Skirmisher ×5 |
| 26:30 | Create | Skirmisher ×5 |
| 26:30 | Create | Skirmisher ×5 |
| 26:31 | Create | Skirmisher ×5 |
| 26:31 | Create | Skirmisher ×5 |
| 27:16 | Create | Militia ×5 |
| 27:16 | Create | Militia ×5 |
| 27:17 | Create | Militia ×5 |
| 27:17 | Create | Militia ×5 |
| 27:17 | Create | Militia ×5 |
| 27:18 | Create | Spearman ×5 |
| 27:18 | Create | Spearman ×5 |
| 27:18 | Create | Spearman ×5 |
| 27:19 | Create | Spearman ×5 |
| 27:19 | Create | Spearman ×5 |
| 27:19 | Create | Spearman ×5 |
| 27:20 | Create | Spearman ×5 |
| 27:20 | Create | Spearman ×5 |
| 27:20 | Create | Spearman ×5 |
| 27:20 | Create | Spearman ×5 |
| 27:21 | Create | Spearman ×5 |
| 27:21 | Create | Spearman ×5 |
| 27:21 | Create | Spearman ×2 |
| 27:24 | Create | Spearman ×2 |
| 27:52 | Build | Siege Workshop |
| 27:56 | Build | Siege Workshop |
| 27:58 | Build | Siege Workshop |
| 28:04 | Build | Siege Workshop |
Build order — SUP3R13EA5T
114 actions detected in the replay
| 13:05 | Build | Stable |
| 13:08 | Build | Stable |
| 13:34 | Build | Archery Range |
| 13:40 | Build | Archery Range |
| 13:54 | Build | Stable |
| 13:56 | Build | Stable |
| 13:58 | Build | Stable |
| 14:01 | Build | Stable |
| 14:04 | Build | Stable |
| 14:06 | Build | Stable |
| 14:10 | Research | Bloodlines |
| 14:18 | Build | Barracks |
| 18:15 | Build | Barracks |
| 18:22 | Build | Stable |
| 18:24 | Build | Stable |
| 18:29 | Build | Archery Range |
| 18:32 | Build | Archery Range |
| 18:34 | Build | Archery Range |
| 19:30 | Research | Husbandry |
| 19:32 | Create | Camel Scout ×5 |
| 19:32 | Create | Camel Scout ×5 |
| 19:33 | Create | Camel Scout ×5 |
| 19:33 | Create | Camel Scout ×5 |
| 19:33 | Create | Camel Scout ×5 |
| 19:34 | Create | Camel Scout ×5 |
| 19:34 | Create | Camel Scout ×5 |
| 19:34 | Create | Camel Scout ×5 |
| 19:34 | Create | Camel Scout ×5 |
| 19:35 | Create | Camel Scout ×5 |
| 19:35 | Create | Camel Scout ×5 |
| 19:35 | Create | Camel Scout ×5 |
| 19:36 | Create | Camel Scout ×5 |
| 19:36 | Create | Camel Scout ×5 |
| 19:36 | Create | Camel Scout ×5 |
| 19:37 | Create | Camel Scout ×5 |
| 19:37 | Create | Camel Scout ×5 |
| 19:37 | Create | Camel Scout ×5 |
| 19:38 | Create | Camel Scout ×4 |
| 21:13 | Research | Thumb Ring |
| 21:13 | Research | Crossbowman (upgrade) |
| 21:14 | Research | Elite Skirmisher (upgrade) |
| 21:15 | Create | Elephant Archer ×5 |
| 21:15 | Create | Elephant Archer ×5 |
| 21:15 | Create | Elephant Archer ×5 |
| 21:16 | Create | Elephant Archer ×5 |
| 21:16 | Create | Elephant Archer ×5 |
| 21:16 | Create | Elephant Archer ×5 |
| 22:17 | Research | Iron Casting |
| 22:18 | Research | Chain Mail Armor |
| 22:18 | Research | Chain Barding Armor |
| 22:19 | Research | Leather Archer Armor |
| 22:20 | Research | Bodkin Arrow |
| 22:23 | Research | Ballistics |
| 22:23 | Research | Treadmill Crane |
| 22:24 | Research | Guard Tower (upgrade) |
| 22:25 | Research | Tech 908 |
| 22:26 | Research | Careening |
| 22:35 | Create | Shrivamsha Rider ×5 |
| 22:35 | Create | Shrivamsha Rider ×5 |
| 22:36 | Create | Shrivamsha Rider ×5 |
| 22:36 | Create | Shrivamsha Rider ×5 |
| 22:36 | Create | Shrivamsha Rider ×5 |
| 22:36 | Create | Shrivamsha Rider ×5 |
| 22:37 | Create | Shrivamsha Rider ×5 |
| 22:37 | Create | Shrivamsha Rider ×5 |
| 22:38 | Create | Shrivamsha Rider ×5 |
| 22:38 | Create | Shrivamsha Rider ×5 |
| 22:38 | Create | Shrivamsha Rider ×5 |
| 22:38 | Create | Shrivamsha Rider ×5 |
| 22:39 | Create | Shrivamsha Rider ×5 |
| 22:39 | Create | Shrivamsha Rider ×5 |
| 22:39 | Create | Shrivamsha Rider ×5 |
| 22:40 | Create | Shrivamsha Rider ×5 |
| 22:40 | Create | Shrivamsha Rider ×5 |
| 22:40 | Create | Shrivamsha Rider ×5 |
| 22:41 | Create | Shrivamsha Rider ×5 |
| 22:41 | Create | Shrivamsha Rider ×5 |
| 22:41 | Create | Shrivamsha Rider ×5 |
| 23:48 | Create | Elephant Archer ×5 |
| 23:48 | Create | Elephant Archer ×5 |
| 23:49 | Create | Elephant Archer ×5 |
| 23:49 | Create | Elephant Archer ×5 |
| 23:49 | Create | Elephant Archer ×5 |
| 23:50 | Create | Elephant Archer ×4 |
| 23:50 | Create | Elephant Archer ×4 |
| 25:16 | Research | Long Swordsman (upgrade) |
| 25:17 | Research | Arson |
| 25:25 | Create | Elephant Archer ×5 |
| 25:26 | Create | Elephant Archer ×5 |
| 25:26 | Create | Elephant Archer ×5 |
| 25:26 | Create | Elephant Archer ×5 |
| 25:27 | Create | Elephant Archer |
| 25:28 | Create | Elephant Archer |
| 25:32 | Create | Shrivamsha Rider ×5 |
| 25:33 | Create | Shrivamsha Rider ×5 |
| 25:33 | Create | Shrivamsha Rider ×5 |
| 25:33 | Create | Shrivamsha Rider ×5 |
| 25:34 | Create | Shrivamsha Rider ×5 |
| 25:34 | Create | Shrivamsha Rider ×5 |
| 25:34 | Create | Shrivamsha Rider ×5 |
| 25:35 | Create | Shrivamsha Rider ×5 |
| 25:35 | Create | Shrivamsha Rider ×5 |
| 25:35 | Create | Shrivamsha Rider ×5 |
| 25:36 | Create | Shrivamsha Rider ×5 |
| 25:36 | Create | Shrivamsha Rider ×5 |
| 25:36 | Create | Shrivamsha Rider ×5 |
| 25:36 | Create | Shrivamsha Rider ×5 |
| 25:37 | Create | Shrivamsha Rider ×5 |
| 25:37 | Create | Shrivamsha Rider ×5 |
| 25:38 | Create | Shrivamsha Rider ×5 |
| 25:38 | Create | Shrivamsha Rider ×5 |
| 25:38 | Create | Shrivamsha Rider ×5 |
| 25:39 | Create | Shrivamsha Rider ×5 |
| 25:39 | Create | Shrivamsha Rider |
Build order — Relyks6
First 150 of 233 actions detected
| 4:46 | Build | Stable |
| 4:47 | Build | Stable |
| 5:32 | Build | Barracks |
| 5:34 | Build | Barracks |
| 5:35 | Build | Barracks |
| 5:37 | Build | Barracks |
| 5:38 | Build | Barracks |
| 5:39 | Build | Barracks |
| 5:41 | Build | Barracks |
| 5:42 | Build | Barracks |
| 5:44 | Build | Barracks |
| 6:15 | Build | Stable |
| 6:17 | Build | Stable |
| 6:23 | Build | Stable |
| 6:25 | Build | Stable |
| 6:26 | Build | Stable |
| 6:28 | Build | Stable |
| 13:11 | Create | Knight ×5 |
| 13:11 | Create | Knight ×5 |
| 13:12 | Create | Knight ×5 |
| 13:12 | Create | Knight ×5 |
| 13:12 | Create | Knight ×5 |
| 13:13 | Create | Knight ×5 |
| 13:13 | Create | Knight ×5 |
| 13:14 | Research | Husbandry |
| 13:17 | Research | Iron Casting |
| 13:18 | Research | Bodkin Arrow |
| 13:19 | Research | Leather Archer Armor |
| 13:20 | Research | Chain Mail Armor |
| 13:22 | Research | Ballistics |
| 13:22 | Research | Guard Tower (upgrade) |
| 13:23 | Research | Careening |
| 13:24 | Research | Tech 908 |
| 13:25 | Research | Long Swordsman (upgrade) |
| 13:26 | Research | Squires |
| 13:27 | Research | Pikeman (upgrade) |
| 13:33 | Research | Tech 455 |
| 13:55 | Create | Knight ×5 |
| 13:55 | Create | Knight ×5 |
| 13:55 | Create | Knight ×5 |
| 13:56 | Create | Knight ×5 |
| 13:58 | Create | Militia ×5 |
| 13:58 | Create | Militia ×5 |
| 13:59 | Create | Militia ×5 |
| 13:59 | Create | Militia ×5 |
| 14:40 | Create | Knight ×5 |
| 14:40 | Create | Knight ×5 |
| 14:41 | Create | Knight ×5 |
| 14:44 | Create | Militia ×5 |
| 14:45 | Create | Militia ×5 |
| 14:45 | Create | Militia ×5 |
| 14:45 | Create | Militia ×5 |
| 14:46 | Create | Militia ×5 |
| 14:46 | Create | Militia ×5 |
| 14:46 | Create | Militia ×5 |
| 14:46 | Create | Militia ×5 |
| 14:47 | Create | Militia ×5 |
| 14:47 | Create | Militia ×5 |
| 14:47 | Create | Militia ×5 |
| 14:48 | Create | Militia ×5 |
| 14:48 | Create | Militia ×5 |
| 14:52 | Create | Knight ×5 |
| 14:53 | Create | Knight ×5 |
| 14:53 | Create | Knight ×5 |
| 14:53 | Create | Knight ×5 |
| 14:54 | Create | Knight ×5 |
| 14:54 | Create | Knight ×5 |
| 15:53 | Create | Knight ×5 |
| 15:53 | Create | Knight ×5 |
| 15:53 | Create | Knight ×5 |
| 15:53 | Create | Knight ×5 |
| 15:54 | Create | Knight ×5 |
| 15:54 | Create | Knight ×5 |
| 15:54 | Create | Knight ×5 |
| 15:55 | Create | Knight ×5 |
| 15:55 | Create | Knight ×4 |
| 16:04 | Build | Barracks |
| 16:11 | Create | Militia ×5 |
| 16:12 | Create | Militia ×5 |
| 16:12 | Create | Militia ×5 |
| 16:12 | Create | Militia ×5 |
| 16:12 | Create | Militia ×5 |
| 16:50 | Create | Knight ×5 |
| 16:51 | Create | Knight ×5 |
| 16:51 | Create | Knight ×5 |
| 16:51 | Create | Knight ×3 |
| 17:02 | Build | Stable |
| 17:05 | Build | Stable |
| 17:06 | Build | Stable |
| 17:08 | Build | Stable |
| 17:10 | Build | Stable |
| 17:12 | Build | Stable |
| 17:13 | Build | Barracks |
| 17:16 | Create | Knight ×5 |
| 17:17 | Create | Knight ×5 |
| 17:17 | Create | Knight ×5 |
| 17:17 | Create | Knight ×5 |
| 17:17 | Create | Knight ×5 |
| 17:19 | Create | Militia ×5 |
| 17:20 | Create | Militia ×5 |
| 17:20 | Create | Militia ×5 |
| 17:20 | Create | Militia ×5 |
| 17:20 | Create | Militia ×5 |
| 17:21 | Create | Militia ×5 |
| 17:21 | Create | Militia ×5 |
| 17:49 | Create | Knight ×5 |
| 17:49 | Create | Knight ×5 |
| 17:50 | Create | Knight ×3 |
| 17:52 | Create | Knight |
| 17:52 | Create | Knight |
| 18:03 | Create | Knight ×5 |
| 18:04 | Create | Knight ×5 |
| 18:04 | Create | Knight ×5 |
| 18:12 | Build | Stone Wall |
| 18:15 | Build | Stone Wall |
| 20:03 | Create | Knight ×5 |
| 20:03 | Create | Knight ×5 |
| 20:03 | Create | Knight ×5 |
| 20:04 | Create | Knight ×5 |
| 20:04 | Create | Knight ×5 |
| 20:04 | Create | Knight ×5 |
| 20:05 | Create | Knight ×5 |
| 20:05 | Create | Knight ×5 |
| 20:14 | Create | Knight ×5 |
| 20:14 | Create | Knight ×5 |
| 20:14 | Create | Knight ×5 |
| 20:15 | Create | Knight ×5 |
| 20:20 | Create | Militia ×5 |
| 20:20 | Create | Militia ×5 |
| 20:21 | Create | Militia ×5 |
| 20:21 | Create | Militia ×5 |
| 20:21 | Create | Militia ×5 |
| 20:21 | Create | Militia ×5 |
| 20:22 | Create | Militia ×5 |
| 20:22 | Create | Militia ×5 |
| 20:22 | Create | Militia ×5 |
| 20:23 | Create | Militia ×5 |
| 20:23 | Create | Militia ×5 |
| 20:40 | Build | Stone Wall |
| 21:25 | Build | Barracks |
| 21:27 | Build | Barracks |
| 21:32 | Create | Militia ×5 |
| 21:32 | Create | Militia ×5 |
| 21:32 | Create | Militia ×5 |
| 21:33 | Create | Militia ×5 |
| 21:33 | Create | Militia ×5 |
| 21:33 | Create | Militia ×5 |
| 21:35 | Create | Knight ×5 |
| 21:35 | Create | Knight ×5 |
| 21:36 | Create | Knight ×5 |
Build order — Mikelet
43 actions detected in the replay
| 14:32 | Build | Stable |
| 14:34 | Build | Stable |
| 14:36 | Build | Stable |
| 14:39 | Build | Stable |
| 14:41 | Build | Stable |
| 14:50 | Build | Archery Range |
| 14:52 | Build | Archery Range |
| 14:55 | Build | Archery Range |
| 18:54 | Research | Bloodlines |
| 22:28 | Research | Husbandry |
| 22:32 | Create | Knight ×5 |
| 22:32 | Create | Knight ×5 |
| 22:32 | Create | Knight ×5 |
| 22:32 | Create | Knight ×5 |
| 22:33 | Create | Knight ×5 |
| 22:33 | Create | Knight ×5 |
| 22:34 | Create | Knight ×5 |
| 22:34 | Create | Knight ×5 |
| 22:35 | Create | Knight ×5 |
| 22:35 | Create | Knight ×5 |
| 22:35 | Create | Knight ×5 |
| 22:35 | Create | Knight ×5 |
| 22:39 | Research | Crossbowman (upgrade) |
| 22:54 | Research | Bodkin Arrow |
| 22:55 | Research | Leather Archer Armor |
| 22:56 | Research | Iron Casting |
| 22:57 | Research | Chain Mail Armor |
| 22:58 | Research | Chain Barding Armor |
| 23:23 | Create | Knight ×5 |
| 23:23 | Create | Knight ×5 |
| 23:23 | Create | Knight ×5 |
| 23:24 | Create | Knight ×5 |
| 23:24 | Create | Knight ×5 |
| 23:24 | Create | Knight ×4 |
| 23:43 | Research | Great Wall |
| 23:52 | Create | Knight ×5 |
| 23:52 | Create | Knight ×5 |
| 23:52 | Create | Knight ×5 |
| 24:01 | Create | Archer ×5 |
| 24:02 | Create | Archer ×5 |
| 24:02 | Create | Archer ×5 |
| 24:02 | Create | Archer ×5 |
| 24:03 | Create | Archer ×5 |
Build order — DSLG | R2D2
88 actions detected in the replay
| 13:55 | Research | Iron Casting |
| 13:55 | Research | Chain Barding Armor |
| 13:55 | Research | Iron Casting |
| 13:56 | Research | Chain Barding Armor |
| 14:04 | Research | Ballistics |
| 14:04 | Research | Ballistics |
| 14:06 | Research | Ballistics |
| 14:06 | Research | Ballistics |
| 14:06 | Research | Ballistics |
| 14:07 | Research | Ballistics |
| 14:07 | Research | Ballistics |
| 14:21 | Research | Ballistics |
| 14:21 | Research | Ballistics |
| 14:21 | Research | Ballistics |
| 14:21 | Research | Ballistics |
| 14:21 | Research | Ballistics |
| 14:21 | Research | Ballistics |
| 14:21 | Research | Ballistics |
| 14:21 | Research | Ballistics |
| 14:21 | Research | Ballistics |
| 14:21 | Research | Ballistics |
| 14:21 | Research | Ballistics |
| 14:21 | Research | Ballistics |
| 14:21 | Research | Ballistics |
| 14:21 | Research | Ballistics |
| 14:21 | Research | Ballistics |
| 14:21 | Research | Ballistics |
| 14:21 | Research | Ballistics |
| 14:31 | Research | Bodkin Arrow |
| 14:31 | Research | Leather Archer Armor |
| 14:32 | Research | Bodkin Arrow |
| 14:32 | Research | Leather Archer Armor |
| 14:33 | Research | Leather Archer Armor |
| 14:33 | Research | Bodkin Arrow |
| 14:33 | Research | Leather Archer Armor |
| 14:33 | Research | Bodkin Arrow |
| 14:33 | Research | Leather Archer Armor |
| 14:33 | Research | Bodkin Arrow |
| 14:34 | Research | Leather Archer Armor |
| 14:34 | Research | Bodkin Arrow |
| 15:06 | Research | Leather Archer Armor |
| 15:06 | Research | Bodkin Arrow |
| 15:06 | Research | Leather Archer Armor |
| 15:06 | Research | Bodkin Arrow |
| 15:06 | Research | Bodkin Arrow |
| 15:06 | Research | Leather Archer Armor |
| 15:06 | Research | Bodkin Arrow |
| 15:06 | Research | Leather Archer Armor |
| 15:06 | Research | Bodkin Arrow |
| 15:06 | Research | Leather Archer Armor |
| 15:06 | Research | Bodkin Arrow |
| 15:06 | Research | Leather Archer Armor |
| 15:06 | Research | Bodkin Arrow |
| 15:06 | Research | Leather Archer Armor |
| 15:06 | Research | Bodkin Arrow |
| 15:06 | Research | Leather Archer Armor |
| 15:06 | Research | Bodkin Arrow |
| 15:07 | Research | Leather Archer Armor |
| 15:07 | Research | Bodkin Arrow |
| 15:07 | Research | Leather Archer Armor |
| 15:07 | Research | Bodkin Arrow |
| 15:07 | Research | Leather Archer Armor |
| 15:07 | Research | Bodkin Arrow |
| 15:07 | Research | Leather Archer Armor |
| 15:07 | Research | Bodkin Arrow |
| 15:07 | Research | Leather Archer Armor |
| 15:07 | Research | Leather Archer Armor |
| 15:07 | Research | Leather Archer Armor |
| 15:07 | Research | Leather Archer Armor |
| 15:07 | Research | Leather Archer Armor |
| 15:07 | Research | Leather Archer Armor |
| 15:07 | Research | Leather Archer Armor |
| 15:07 | Research | Leather Archer Armor |
| 15:07 | Research | Leather Archer Armor |
| 15:07 | Research | Leather Archer Armor |
| 15:07 | Research | Leather Archer Armor |
| 15:07 | Research | Leather Archer Armor |
| 20:27 | Research | Chain Barding Armor |
| 20:27 | Research | Iron Casting |
| 20:27 | Research | Iron Casting |
| 20:27 | Research | Chain Barding Armor |
| 28:03 | Research | Elite Kipchak (upgrade) |
| 28:03 | Research | Elite Kipchak (upgrade) |
| 28:03 | Research | Elite Kipchak (upgrade) |
| 28:03 | Research | Elite Kipchak (upgrade) |
| 28:07 | Research | Ring Archer Armor |
| 28:08 | Research | Ring Archer Armor |
| 28:08 | Research | Ring Archer Armor |
Build order — Dracula
30 actions detected in the replay
| 11:21 | Research | Chain Mail Armor |
| 11:22 | Research | Bodkin Arrow |
| 11:23 | Research | Leather Archer Armor |
| 11:27 | Research | Ballistics |
| 11:27 | Research | Ballistics |
| 11:30 | Research | First Crusade |
| 13:36 | Build | Stone Wall |
| 14:28 | Build | Barracks |
| 15:48 | Research | Arson |
| 15:49 | Research | Squires |
| 15:49 | Research | Gambesons |
| 16:03 | Build | Stable |
| 16:05 | Build | Stable |
| 16:07 | Build | Stable |
| 16:53 | Research | Chain Barding Armor |
| 19:03 | Build | Stable |
| 19:06 | Build | Stable |
| 19:08 | Build | Stable |
| 19:09 | Build | Stable |
| 19:11 | Build | Stable |
| 19:14 | Build | Stable |
| 19:15 | Build | Stable |
| 19:17 | Build | Stable |
| 19:18 | Build | Stable |
| 22:40 | Build | Stable |
| 22:42 | Build | Stable |
| 22:43 | Build | Stable |
| 22:44 | Build | Stable |
| 23:56 | Research | Bloodlines |
| 23:57 | Research | Husbandry |
Build order — Mr.smeagoul
First 150 of 260 actions detected
| 11:35 | Build | Archery Range |
| 11:38 | Build | Archery Range |
| 11:40 | Build | Archery Range |
| 12:19 | Build | Archery Range |
| 12:21 | Build | Archery Range |
| 12:23 | Build | Archery Range |
| 12:26 | Research | Thumb Ring |
| 12:27 | Create | Archer ×5 |
| 12:27 | Create | Archer ×5 |
| 12:28 | Create | Archer ×5 |
| 12:28 | Create | Archer ×4 |
| 12:29 | Research | Crossbowman (upgrade) |
| 12:34 | Research | Bodkin Arrow |
| 12:34 | Research | Leather Archer Armor |
| 12:37 | Research | Ballistics |
| 12:38 | Research | Guard Tower (upgrade) |
| 12:38 | Research | Treadmill Crane |
| 12:41 | Research | Chain Mail Armor |
| 12:41 | Research | Iron Casting |
| 12:45 | Research | Crossbowman (upgrade) |
| 12:55 | Build | Archery Range |
| 12:59 | Build | Archery Range |
| 13:01 | Build | Archery Range |
| 13:03 | Build | Archery Range |
| 13:04 | Build | Archery Range |
| 13:06 | Build | Archery Range |
| 13:08 | Build | Archery Range |
| 13:09 | Build | Archery Range |
| 13:10 | Build | Archery Range |
| 13:12 | Build | Archery Range |
| 13:13 | Research | Crossbowman (upgrade) |
| 13:14 | Create | Archer ×5 |
| 13:14 | Create | Archer ×5 |
| 13:14 | Create | Archer ×5 |
| 13:15 | Create | Archer ×5 |
| 13:49 | Create | Archer ×5 |
| 13:49 | Create | Archer ×5 |
| 13:49 | Create | Archer ×5 |
| 13:50 | Create | Archer ×2 |
| 13:50 | Create | Archer ×2 |
| 14:12 | Create | Archer ×2 |
| 14:12 | Create | Archer ×2 |
| 14:15 | Research | Hulche Javelineers |
| 14:20 | Create | Archer |
| 14:20 | Create | Archer |
| 14:35 | Create | Archer ×5 |
| 14:36 | Create | Archer ×5 |
| 14:36 | Create | Archer ×5 |
| 14:36 | Create | Archer ×5 |
| 14:37 | Create | Archer ×2 |
| 14:38 | Create | Archer |
| 14:55 | Create | Archer |
| 15:16 | Create | Archer ×5 |
| 15:17 | Create | Archer ×5 |
| 15:17 | Create | Archer ×5 |
| 15:17 | Create | Archer ×5 |
| 15:17 | Create | Archer ×4 |
| 15:43 | Create | Archer ×5 |
| 15:43 | Create | Archer ×5 |
| 15:53 | Create | Archer ×5 |
| 15:54 | Create | Archer ×5 |
| 15:54 | Create | Archer ×5 |
| 15:54 | Create | Archer ×5 |
| 15:54 | Create | Archer ×3 |
| 16:03 | Create | Archer ×5 |
| 16:03 | Create | Archer ×5 |
| 16:04 | Create | Archer ×5 |
| 16:04 | Create | Archer ×5 |
| 16:06 | Create | Archer |
| 16:06 | Create | Archer |
| 16:07 | Create | Archer |
| 16:07 | Create | Archer |
| 16:36 | Create | Archer ×5 |
| 16:36 | Create | Archer ×5 |
| 16:37 | Create | Archer ×5 |
| 16:37 | Create | Archer ×5 |
| 16:37 | Create | Archer ×5 |
| 16:38 | Create | Archer ×3 |
| 16:38 | Create | Archer |
| 16:39 | Create | Archer |
| 16:48 | Create | Archer ×2 |
| 16:49 | Create | Archer ×2 |
| 17:04 | Create | Archer ×5 |
| 17:05 | Create | Archer ×5 |
| 17:05 | Create | Archer ×5 |
| 17:05 | Create | Archer ×5 |
| 17:05 | Create | Archer ×5 |
| 17:06 | Create | Archer |
| 17:06 | Create | Archer |
| 17:24 | Create | Archer ×4 |
| 17:51 | Create | Archer ×5 |
| 17:52 | Create | Archer ×5 |
| 17:52 | Create | Archer ×5 |
| 17:52 | Create | Archer ×5 |
| 17:53 | Create | Archer ×5 |
| 17:53 | Create | Archer ×5 |
| 17:53 | Create | Archer ×5 |
| 17:53 | Create | Archer ×5 |
| 17:54 | Create | Archer ×5 |
| 17:54 | Create | Archer ×3 |
| 18:06 | Create | Archer ×3 |
| 18:07 | Create | Archer ×3 |
| 18:25 | Create | Archer ×5 |
| 18:25 | Create | Archer ×5 |
| 18:25 | Create | Archer ×5 |
| 18:31 | Create | Archer |
| 18:31 | Create | Archer |
| 19:21 | Create | Archer ×5 |
| 19:21 | Create | Archer ×5 |
| 19:21 | Create | Archer ×5 |
| 19:21 | Create | Archer ×5 |
| 19:22 | Create | Archer ×5 |
| 19:22 | Create | Archer ×5 |
| 19:22 | Create | Archer ×5 |
| 19:22 | Create | Archer ×5 |
| 19:23 | Create | Archer ×5 |
| 19:23 | Create | Archer ×5 |
| 19:23 | Create | Archer ×5 |
| 19:24 | Create | Archer ×4 |
| 19:31 | Research | Arbalester (upgrade) |
| 19:37 | Research | Bracer |
| 19:38 | Research | Ring Archer Armor |
| 19:38 | Research | Plate Mail Armor |
| 19:40 | Research | Blast Furnace |
| 19:42 | Research | Chemistry |
| 19:43 | Research | Keep (upgrade) |
| 19:44 | Research | Shipwright |
| 19:44 | Research | Tech 908 |
| 19:45 | Research | Careening |
| 19:47 | Research | Conscription |
| 19:48 | Research | Tech 4 |
| 19:48 | Research | Tech 27 |
| 19:49 | Research | Spies/Treason |
| 19:49 | Research | Sappers |
| 19:51 | Create | Archer ×5 |
| 19:51 | Create | Archer ×5 |
| 19:51 | Create | Archer ×5 |
| 19:52 | Create | Archer ×5 |
| 19:52 | Create | Archer ×5 |
| 19:52 | Create | Archer ×5 |
| 19:53 | Create | Archer ×5 |
| 19:53 | Create | Archer ×5 |
| 19:53 | Create | Archer ×5 |
| 19:53 | Create | Archer ×5 |
| 19:54 | Create | Archer ×5 |
| 19:54 | Create | Archer ×5 |
| 19:58 | Create | Archer ×5 |
| 19:58 | Create | Archer ×5 |
| 20:25 | Build | Archery Range |
| 20:27 | Build | Archery Range |
Build order — Ww. Choko_krispi
First 150 of 214 actions detected
| 11:29 | Research | Bodkin Arrow |
| 11:32 | Research | Ballistics |
| 11:33 | Research | Treadmill Crane |
| 11:40 | Build | Archery Range |
| 12:25 | Build | Stable |
| 12:27 | Build | Stable |
| 12:29 | Build | Stable |
| 12:30 | Build | Stable |
| 12:42 | Research | Leather Archer Armor |
| 12:43 | Research | Iron Casting |
| 12:44 | Research | Chain Barding Armor |
| 13:20 | Create | Scout Cavalry |
| 13:21 | Create | Scout Cavalry |
| 13:29 | Build | Stable |
| 13:31 | Build | Stable |
| 13:32 | Build | Stable |
| 13:36 | Build | Stable |
| 13:37 | Build | Stable |
| 13:41 | Build | Stable |
| 13:46 | Build | Stable |
| 13:50 | Create | Knight |
| 13:50 | Create | Knight |
| 13:51 | Create | Knight |
| 13:51 | Create | Knight |
| 14:29 | Create | Knight |
| 14:30 | Create | Knight |
| 14:30 | Create | Knight |
| 14:30 | Create | Knight |
| 14:31 | Create | Knight |
| 14:31 | Create | Knight |
| 14:31 | Create | Knight |
| 14:32 | Create | Knight |
| 14:32 | Create | Knight |
| 14:32 | Create | Knight |
| 14:33 | Create | Knight |
| 14:33 | Create | Knight |
| 14:33 | Create | Knight |
| 14:34 | Create | Knight |
| 14:34 | Create | Knight |
| 15:11 | Create | Knight ×5 |
| 15:12 | Create | Knight ×5 |
| 15:12 | Create | Knight ×5 |
| 15:12 | Create | Knight ×5 |
| 15:13 | Create | Knight ×5 |
| 15:57 | Build | Stable |
| 15:59 | Build | Stable |
| 16:02 | Create | Knight ×5 |
| 16:03 | Create | Knight ×5 |
| 16:03 | Create | Knight ×5 |
| 16:03 | Create | Knight ×5 |
| 16:04 | Create | Knight ×5 |
| 16:05 | Create | Knight ×5 |
| 16:05 | Create | Knight ×5 |
| 16:33 | Create | Knight ×5 |
| 16:34 | Create | Knight ×5 |
| 16:34 | Create | Knight ×5 |
| 16:34 | Create | Knight ×5 |
| 16:36 | Research | Husbandry |
| 16:49 | Research | Chain Mail Armor |
| 16:55 | Create | Knight ×5 |
| 16:57 | Create | Knight ×5 |
| 16:58 | Create | Knight ×5 |
| 16:59 | Create | Knight ×5 |
| 16:59 | Create | Knight ×5 |
| 16:59 | Create | Knight ×5 |
| 17:00 | Create | Knight ×5 |
| 17:00 | Create | Knight ×5 |
| 17:00 | Create | Knight ×5 |
| 17:58 | Create | Knight ×5 |
| 17:59 | Create | Knight ×5 |
| 17:59 | Create | Knight ×5 |
| 17:59 | Create | Knight ×5 |
| 18:00 | Create | Knight ×5 |
| 18:00 | Create | Knight ×5 |
| 18:01 | Create | Knight ×5 |
| 18:01 | Create | Knight ×5 |
| 18:02 | Create | Knight ×5 |
| 18:06 | Build | Stable |
| 18:12 | Build | Stable |
| 18:12 | Build | Stable |
| 18:12 | Build | Stable |
| 18:40 | Create | Knight ×5 |
| 18:41 | Create | Knight ×5 |
| 18:41 | Create | Knight ×5 |
| 18:42 | Create | Knight ×5 |
| 18:42 | Create | Knight ×5 |
| 18:42 | Create | Knight ×5 |
| 18:56 | Build | Stable |
| 18:57 | Build | Stable |
| 18:57 | Build | Stable |
| 18:58 | Build | Stable |
| 18:58 | Build | Stable |
| 19:01 | Create | Knight ×5 |
| 19:02 | Create | Knight ×5 |
| 19:02 | Create | Knight ×5 |
| 19:03 | Create | Knight ×5 |
| 19:03 | Create | Knight ×5 |
| 19:04 | Create | Knight ×3 |
| 19:26 | Research | Elite Longbowman (upgrade) |
| 19:32 | Research | Yeomen |
| 19:33 | Research | Conscription |
| 19:41 | Research | Cavalier (upgrade) |
| 19:50 | Research | Bracer |
| 19:51 | Research | Ring Archer Armor |
| 19:52 | Research | Blast Furnace |
| 19:52 | Research | Plate Barding Armor |
| 19:55 | Research | Chemistry |
| 19:57 | Research | Siege Engineers |
| 20:19 | Research | Warwolf |
| 20:24 | Create | Knight ×5 |
| 20:25 | Create | Knight ×5 |
| 20:25 | Create | Knight ×5 |
| 20:26 | Create | Knight ×5 |
| 20:26 | Create | Knight ×5 |
| 20:27 | Create | Knight ×5 |
| 20:27 | Create | Knight ×5 |
| 21:03 | Create | Knight ×5 |
| 21:04 | Create | Knight ×5 |
| 21:06 | Create | Knight ×5 |
| 21:07 | Create | Knight ×5 |
| 21:07 | Create | Knight ×5 |
| 21:07 | Create | Knight ×5 |
| 21:08 | Create | Knight ×5 |
| 21:08 | Create | Knight ×5 |
| 21:08 | Create | Knight ×5 |
| 21:09 | Create | Knight ×5 |
| 21:09 | Create | Knight ×5 |
| 21:10 | Create | Knight ×5 |
| 21:10 | Create | Knight ×5 |
| 21:10 | Create | Knight ×5 |
| 21:11 | Create | Knight ×5 |
| 21:31 | Create | Knight ×5 |
| 21:31 | Create | Knight ×5 |
| 21:32 | Create | Knight ×5 |
| 21:32 | Create | Knight ×5 |
| 21:33 | Create | Knight ×5 |
| 21:33 | Create | Knight ×5 |
| 21:33 | Create | Knight ×5 |
| 22:05 | Create | Knight ×5 |
| 22:05 | Create | Knight ×5 |
| 22:06 | Create | Knight ×5 |
| 22:06 | Create | Knight ×5 |
| 22:06 | Create | Knight ×5 |
| 22:07 | Create | Knight ×5 |
| 22:07 | Create | Knight ×5 |
| 22:07 | Create | Knight ×5 |
| 22:08 | Create | Knight ×5 |
| 22:08 | Create | Knight |
| 22:10 | Create | Knight ×5 |
| 22:11 | Create | Knight ×5 |
Match timeline
| 4:46 | Relyks6 · first_building Stable |
| 5:32 | Relyks6 · first_building Barracks |
| 11:35 | Mr.smeagoul · first_building Archery Range |
| 11:40 | Ww. Choko_krispi · first_building Archery Range |
| 12:25 | Ww. Choko_krispi · first_building Stable |
| 13:05 | SUP3R13EA5T · first_building Stable |
| 13:34 | SUP3R13EA5T · first_building Archery Range |
| 13:36 | Dracula · wall_segment Stone Wall x12 |
| 14:18 | SUP3R13EA5T · first_building Barracks |
| 14:28 | Dracula · first_building Barracks |
| 14:32 | Mikelet · first_building Stable |
| 14:50 | Mikelet · first_building Archery Range |
| 16:03 | Dracula · first_building Stable |
| 17:57 | MozartMI7 · first_building Barracks |
| 18:12 | Relyks6 · wall_segment Stone Wall x1 |
| 18:14 | MozartMI7 · first_building Archery Range |
| 18:15 | Relyks6 · wall_segment Stone Wall x1 |
| 20:40 | Relyks6 · wall_segment Stone Wall x1 |
| 24:46 | Ww. Choko_krispi · first_building Siege Workshop |
| 25:02 | Mr.smeagoul · first_building Siege Workshop |
| 26:47 | Relyks6 · resign |
| 27:52 | MozartMI7 · first_building Siege Workshop |
[ AI ANALYSIS · 1 CREDIT ]
What really happened in this match?
Wolo.gg analyzes every decision: build order, eco, micro, common mistakes by bracket. Personalized analysis on WhatsApp or Discord in 30 seconds.
Civ guide
Bohemians
Map guide
CBA_=REQUIEM=_V292 (Scenario)
Perfil
MozartMI7